 Dungeon Crawl Stone Soup version 0.30-a0-847-g17996783a1 (webtiles) character file.

Game seed: 5715671828449538229

44 holysushi the Cutter (level 3, 0/29 HPs)
             Began as a Demonspawn Monk on Mar 3, 2023.
             Frozen to death by an endoplasm (1 damage)
             ... on level 2 of the Dungeon.
             The game lasted 00:01:19 (1091 turns).

holysushi the Cutter (Demonspawn Monk)              Turns: 1091, Time: 00:01:19

Health: 0/29       AC:  2    Str: 14    XL:     3   Next: 39%
Magic:  3/3        EV: 13    Int: 11    God:
Gold:   111        SH:  0    Dex: 17    Spells: 2/2 levels left

rFire   . . .      SeeInvis .    a - +0 short sword
rCold   . . .      Faith    .    (no shield)
rNeg    . . .      Spirit   .    b - +0 robe
rPois   +          Reflect  .    (helmet restricted)
rElec   +          Rampage  .    (no cloak)
rCorr   .                        (no gloves)
Will    .....                    (no boots)
Stlth   ++                       (no amulet)
HPRegen 0.24/turn                l - ring "Kimukyi" {rElec rPois Str+3}
MPRegen 0.08/turn                (no ring)

@: mighty
A: antennae 1
a: no special abilities


You were on level 2 of the Dungeon.
You visited 1 branch of the dungeon, and saw 2 of its levels.

You collected 111 gold pieces.

Inventory:

Hand Weapons
 a - a +0 short sword (weapon)
Missiles
 k - 2 throwing nets (quivered)
Armour
 b - a +0 robe (worn)
Jewellery
 l - the ring "Kimukyi" (left hand) {rElec rPois Str+3}
   (You found it on level 2 of the Dungeon)

   [ring of poison resistance]

   Str:       It affects your strength (+3).
   rElec:     It insulates you from electricity.
   rPois:     It protects you from poison.
Scrolls
 c - a scroll of fear {unknown}
 e - a scroll of poison {unknown}
 f - a scroll of teleportation {unknown}
 i - a scroll of blinking {unknown}
 j - a scroll of magic mapping {unknown}
Potions
 d - a potion of curing {unknown}
 g - a potion of heal wounds {unknown}
 h - a potion of might


   Skills:
 - Level 3.0 Fighting
 + Level 4.1 Short Blades
 - Level 2.6 Dodging
 - Level 1.7 Stealth


You had 2 spell levels left.
You didn't know any spells.
Your spell library contained the following spells:

 Spells                   Type           Power      Damage    Failure   Level
 Sublimation of Blood     Necr           0%         N/A       47%         2
 Manifold Assault         Tloc           0%         N/A       98%         4
 Petrify                  Tmut/Erth      0%         N/A       98%         4
 Irradiate                Conj/Tmut      0%         3d11      100%        5
 Dispersal                Tloc           0%         N/A       100%        6
 Disjunction              Tloc           0%         N/A       100%        8


Dungeon Overview and Level Annotations

Branches:
Dungeon (2/15) Zot: 10935

Altars:


Innate Abilities, Weirdness & Mutations

You have a pair of small antennae on your head.


Message History

The bat blinks!
The iguana hisses angrily.
You hit the dart slug.
The dart slug is heavily wounded.
The dart slug launches a dart at you. The slug dart hits you.
You hit the dart slug.
The dart slug is severely wounded.
The quokka barely misses you. The iguana barely misses you.
The endoplasm barely misses you.
You hit the dart slug.
The dart slug is almost dead.
The quokka completely misses you. The dart slug barely misses you.
You hit the dart slug.
You kill the dart slug!
The bat hits you. The goblin hits you with a +0 club.
The iguana barely misses you. The endoplasm freezes you.
You are frozen.
The quokka bites you. The bat hits you but does no damage.
The quokka closely misses you. The endoplasm hits you. The iguana bites you!
* * * LOW HITPOINT WARNING * * *
The bat hits you.
* * * LOW HITPOINT WARNING * * *
You hit the bat.
The bat is severely wounded.
The quokka barely misses you. The iguana bites you.
* * * LOW HITPOINT WARNING * * *
The goblin hits you with a +0 club.
* * * LOW HITPOINT WARNING * * *
The endoplasm freezes you.
You are frozen.
* * * LOW HITPOINT WARNING * * *
The bat closely misses you.
It was a potion of might.
You feel very mighty all of a sudden. The bat barely misses you.
The quokka closely misses you. The endoplasm freezes you.
You are frozen.
You die...

.. ###########. ##
.###........##.########.
............##..##....<.
.......r........#..##.##
.......@g...$##...#..>#
.......lJ....#..>...####
......bK.......†........
......^......#..........
.....<..................
........................
....................<...
.......................#
##.......###.####..


You could see an iguana, an endoplasm, a quokka, a goblin, a bat and a kobold.

Vanquished Creatures
  4 dart slugs
  3 endoplasms
  2 giant cockroaches (D:1)
  4 goblins (D:1)
  2 hobgoblins
  5 jackals (D:1)
  5 ball pythons (D:1)
  A bat (D:1)
  A frilled lizard (D:1)
  3 kobolds (D:1)
  3 rats (D:1)
33 creatures vanquished.

Vanquished Creatures (others)
  3 fungi (D:1)
  A plant (D:1)
4 creatures vanquished.

Grand Total: 37 creatures vanquished

Notes
Turn   | Place    | Note
-------+----------+-------------------------------------------
     0 | D:1      | holysushi the Demonspawn Monk began the quest for the Orb.
     0 | D:1      | Reached XP level 1. HP: 18/18 MP: 1/1
    84 | D:1      | Reached skill level 3 in Short Blades
   175 | D:1      | Gained mutation: You have a pair of small antennae on your
                  | head. [demonic ancestry]
   175 | D:1      | Reached XP level 2. HP: 20/24 MP: 2/2
   325 | D:1      | Found a faded altar of an unknown god.
   667 | D:1      | Reached XP level 3. HP: 22/29 MP: 3/3
   984 | D:1      | Reached skill level 4 in Short Blades
  1066 | D:2      | Identified the ring "Kimukyi" {rElec rPois Str+3}
  1090 | D:2      | HP: 1/29 [frozen (1)]
  1091 | D:2      | Frozen to death by an endoplasm

Illustrated notes

Levels and vault maps discovered:
D:1:      minmay_arrival_loop, layout_basic,
          shapermc_ecumenical_altar_acropolis, kennysheep_boxes
D:2:      layout_rooms, basic_altar

Skill      XL: |  1  2  3 |
---------------+----------+-----
Short Blades   | 3 4 |  4.1
Fighting       | |  3.0
Dodging        | |  2.6
Stealth        | |  1.7

Action                     || total
---------------------------++-------
  Melee: Short sword       ||   151
         Punch             ||     1
    Use: Potion            ||     2
   Stab: Sleeping          ||     3
 Armour: Robe              ||    42
  Dodge: Dodged            ||   148

Table legend: (Time is in decaauts)
 A = Elapsed time spent in this place.
 B = Non-inter-level travel time spent in this place.
 C = Inter-level travel time spent in this place.
 D = Time resting spent in this place.
 E = Time spent auto-exploring this place.
 F = Levels seen in this place.
 G = Mean time per level.
                   A        B        C        D        E       F      G
               +--------+--------+--------+--------+--------+-----+--------+
         Total |   1063 |   1031 |     32 |     55 |    685 |   2 |  531.5 |
       Dungeon |   1063 |   1031 |     32 |     55 |    685 |   2 |  531.5 |
               +--------+--------+--------+--------+--------+-----+--------+

Top non-repeatable levels by time:
     D:1: 1032 daAuts
     D:2: 31 daAuts
